 Dungeon Crawl Stone Soup version 0.30.0 (webtiles) character file.

Game seed: 868174540674185013

25 jagoly the Shooter (level 3, -1/30 HPs)
             Began as a Meteoran Hunter on May 20, 2023.
             Slain by a hobgoblin (2 damage)
             ... led by Robin
             ... on level 2 of the Dungeon.
             The game lasted 00:02:44 (136 turns).

jagoly the Shooter (Meteoran Hunter)                 Turns: 136, Time: 00:02:45

Health: -1/30      AC:  3    Str: 12    XL:     3   Next: 35%
Magic:  4/4        EV: 13    Int: 10    God:
Gold:   29         SH:  0    Dex: 20    Spells: 2/2 levels left

rFire   . . .        a - +0 shortbow
rCold   . . .        (shield currently unavailable)
rNeg    . . .        c - +0 leather armour
rPois   .            (no helmet)
rElec   .            (no cloak)
rCorr   .            (no gloves)
SInv    .            (no boots)
Will    .....        (no amulet)
Stlth   +            (no ring)
HPRegen 0.25/turn    (no ring)
MPRegen 0.09/turn

%: no passive effects
@: glowing
A: sense surroundings 1, otherworldly, glowing, explore regen
a: no special abilities


You were on level 2 of the Dungeon.
You visited 1 branch of the dungeon, and saw 2 of its levels.

You collected 29 gold pieces.

Inventory:

Hand Weapons
 a - a +0 shortbow (weapon)
Armour
 c - a +0 leather armour (worn)
Scrolls
 b - a scroll of immolation
 d - a scroll of identify {unknown}
Potions
 e - a potion of heal wounds {unknown}


   Skills:
 + Level 2.6 Fighting
 * Level 4.8 Ranged Weapons
 + Level 2.9 Dodging
 - Level 1.0 Stealth


You had 2 spell levels left.
You didn't know any spells.
Your spell library was empty.

Dungeon Overview and Level Annotations

Branches:
Dungeon (2/15) Zot: 1052

Altars:


Innate Abilities, Weirdness & Mutations

You passively map a small area around you.
You are easily found by Zot.
You glow in the dark.
You regain HP and MP as you explore.


Message History

Welcome, jagoly the Meteoran Hunter.
It's a long way down to the Orb of Zot, but that shouldn't be any trouble.
Press ? for a list of commands and other information.
Found a staircase leading out of the dungeon.
Found a curved runed staff.
Found 3 stones.
A hobgoblin comes into view.
The hobgoblin shouts!
A hobgoblin is nearby!
You shoot an arrow. The arrow hits the hobgoblin.
The hobgoblin is almost dead.
You shoot an arrow. The arrow hits the hobgoblin.
You kill the hobgoblin!
Found a scroll labelled HIELLUL GORU.
Found a fuming ruby potion.
d - a scroll labelled HIELLUL GORU
Found 2 green potions.
Found a ring mail.
e - a fuming ruby potion A goblin comes into view.
It is wielding a +0 dagger.
The goblin shouts!
You shoot an arrow. The arrow barely misses the goblin.
The goblin hits you with a +0 dagger.
You shoot an arrow. The arrow barely misses the goblin.
The goblin hits you but does no damage.
You shoot an arrow. The arrow closely misses the goblin.
The goblin closely misses you.
You shoot an arrow. The arrow hits the goblin!
You kill the goblin!
A giant cockroach comes into view.
You shoot an arrow. The arrow hits the giant cockroach!
You kill the giant cockroach!
f - 2 green potions A kobold comes into view.
It is wielding a +0 short sword.
The kobold shouts!
You shoot an arrow. The arrow completely misses the kobold.
You shoot an arrow.
The arrow hits the kobold but does no damage.
The kobold throws a stone.
The stone hits you.
You shoot an arrow. The arrow closely misses the kobold.
You shoot an arrow. The arrow hits the kobold.
The kobold is severely wounded.
The kobold closely misses you.
You shoot an arrow. The arrow barely misses the kobold.
The kobold hits you with a +0 short sword.
You shoot an arrow. The arrow hits the kobold!
You kill the kobold!
You have reached level 2!
Things that are here:
a +0 short sword; a stone
Found 12 gold pieces.
You now have 12 gold pieces.
Found 10 gold pieces.
Found a stone staircase leading down.
Found 7 gold pieces.
You now have 22 gold pieces (gained 10).
A goblin comes into view. It is wielding a +0 club.
The goblin shouts!
You now have 29 gold pieces (gained 7).
You shoot an arrow. The arrow hits the goblin!
You kill the goblin!
No target in view!
There is a stone staircase leading down here.
You climb downwards.
There is a stone staircase leading up here.
A hobgoblin comes into view.
The hobgoblin shouts!
You hear a shout! x2
You shoot an arrow. The arrow hits the hobgoblin!
You kill the hobgoblin!
A goblin comes into view. It is wielding a +0 club.
The goblin moves out of view.
A hobgoblin comes into view.
Robin of the Strong Arm comes into view.
They are wielding a +0 club.
Unknown command.
Fire: a) +0 shortbow
Press: ? - help, Q - select action Shift-Dir - straight line, f - Robin
Aim: Robin, wielding a +0 club, wearing a +2 animal skin and wearing a +0 helmet (wandering, hasn't noticed you, 70% to hit)
You shoot an arrow.
Robin shouts!
The hobgoblin shouts!
The arrow hits Robin.
Robin is lightly wounded.
You hear a shout!
Robin throws the goblin at you! The goblin hits you with a club.
Fire: a) +0 shortbow
Press: ? - help, Q - select action Shift-Dir - straight line, f/p - Robin
Aim: Robin, wielding a +0 club, wearing a +2 animal skin and wearing a +0 helmet (lightly wounded, 70% to hit)
You shoot an arrow. The arrow hits the goblin.
The goblin is severely wounded.
The goblin barely misses you. The goblin hits you with a +0 club.
Fire: a) +0 shortbow
Press: ? - help, Q - select action Shift-Dir - straight line, f/p - Robin
Aim: Robin, wielding a +0 club, wearing a +2 animal skin and wearing a +0 helmet (lightly wounded, 70% to hit)
You shoot an arrow. The arrow hits the goblin.
You kill the goblin!
Fire: a) +0 shortbow
Press: ? - help, Q - select action Shift-Dir - straight line, f/p - Robin
Aim: Robin, wielding a +0 club, wearing a +2 animal skin and wearing a +0 helmet (lightly wounded, 70% to hit)
You shoot an arrow. The arrow closely misses the hobgoblin.
The arrow hits Robin but does no damage.
Robin is lightly wounded.
Fire: a) +0 shortbow
Press: ? - help, Q - select action Shift-Dir - straight line, f/p - Robin
Aim: Robin, wielding a +0 club, wearing a +2 animal skin and wearing a +0 helmet (lightly wounded, 70% to hit)
You shoot an arrow. The arrow barely misses the hobgoblin.
The arrow hits Robin but does no damage.
Robin is lightly wounded.
Robin roars a battlecry!
The hobgoblin goes into a battle-frenzy!
The hobgoblin hits you.
You hear a shout! x2
Fire: a) +0 shortbow
Press: ? - help, Q - select action Shift-Dir - straight line, f/p - Robin
Aim: Robin, wielding a +0 club, wearing a +2 animal skin and wearing a +0 helmet (lightly wounded, 70% to hit)
You shoot an arrow. The arrow closely misses the hobgoblin.
The arrow hits Robin.
Robin is moderately wounded.
The hobgoblin closely misses you.
Fire: a) +0 shortbow
Press: ? - help, Q - select action Shift-Dir - straight line, f/p - Robin
Aim: Robin, wielding a +0 club, wearing a +2 animal skin and wearing a +0 helmet (moderately wounded, 70% to hit)
You shoot an arrow. The arrow closely misses the hobgoblin.
The arrow hits Robin but does no damage.
Robin is moderately wounded.
The hobgoblin hits you but does no damage.
A goblin comes into view. It is wielding a +0 dagger.
Robin roars a battlecry!
The goblin goes into a battle-frenzy!
You hear an angry hiss.
You hear a shout! x2
Fire: a) +0 shortbow
Press: ? - help, Q - select action Shift-Dir - straight line, f/p - Robin
Aim: Robin, wielding a +0 club, wearing a +2 animal skin and wearing a +0 helmet (moderately wounded, 70% to hit)
You shoot an arrow. The arrow barely misses the hobgoblin.
The arrow closely misses Robin.
The arrow hits the goblin but does no damage.
The hobgoblin hits you.
Fire: a) +0 shortbow
Press: ? - help, Q - select action Shift-Dir - straight line, f/p - Robin
Aim: Robin, wielding a +0 club, wearing a +2 animal skin and wearing a +0 helmet (moderately wounded, 70% to hit)
You shoot an arrow. The arrow hits the hobgoblin.
The hobgoblin is moderately wounded.
The hobgoblin hits you.
A hobgoblin comes into view.
Robin says, "My army is invincible!"
Robin roars a battlecry!
The hobgoblin goes into a battle-frenzy!
The hobgoblin hits you.
* * * LOW HITPOINT WARNING * * *
Fire: a) +0 shortbow
Press: ? - help, Q - select action Shift-Dir - straight line, f/p - Robin
Aim: Robin, wielding a +0 club, wearing a +2 animal skin and wearing a +0 helmet (moderately wounded, 70% to hit)
You shoot an arrow. The arrow closely misses the hobgoblin.
The arrow hits Robin but does no damage.
Robin is moderately wounded.
The hobgoblin hits you.
* * * LOW HITPOINT WARNING * * *
A hobgoblin comes into view.
Robin throws the goblin at you!
It was a potion of curing.
You feel better. The hobgoblin hits you.
* * * LOW HITPOINT WARNING * * *
The goblin hits you with a +0 club.
* * * LOW HITPOINT WARNING * * *
A goblin comes into view. It is wielding a +0 club.
You feel better. The hobgoblin barely misses you.
A goblin comes into view. It is wielding a +0 dagger.
The goblin misses you.
Fire: a) +0 shortbow
Press: ? - help, Q - select action Shift-Dir - straight line, f - goblin, p - Robin
Aim: a goblin, wielding a +0 club (strong, 56% to hit)
You shoot an arrow. The arrow hits the goblin!
You kill the goblin!
The hobgoblin hits you.
* * * LOW HITPOINT WARNING * * *
Fire: a) +0 shortbow
Press: ? - help, Q - select action Shift-Dir - straight line, f - hobgoblin
Aim: a hobgoblin (moderately wounded, strong, 63% to hit)
You shoot an arrow. The arrow closely misses the hobgoblin.
The arrow hits Robin but does no damage.
Robin is moderately wounded.
Robin flexes a bicep menacingly.
The hobgoblin barely misses you. The hobgoblin misses you.
Fire: a) +0 shortbow
Press: ? - help, Q - select action Shift-Dir - straight line, f/p - hobgoblin
Aim: a hobgoblin (moderately wounded, strong, 63% to hit)
You shoot an arrow. The arrow barely misses the hobgoblin.
The arrow hits Robin.
Robin is severely wounded.
The hobgoblin barely misses you.
A worm comes into view.
Fire: a) +0 shortbow
Press: ? - help, Q - select action Shift-Dir - straight line, f/p - hobgoblin
Aim: a hobgoblin (moderately wounded, strong, 63% to hit)
You shoot an arrow. The arrow hits the hobgoblin.
You kill the hobgoblin!
Training target 1.0 for Stealth reached!
Your Stealth skill increases to level 1!
Fire: a) +0 shortbow
Press: ? - help, Q - select action Shift-Dir - straight line, f - Robin
Aim: Robin, wielding a +0 club, wearing a +2 animal skin and wearing a +0 helmet (severely wounded, 70% to hit)
You shoot an arrow. The arrow hits Robin!
You kill Robin!
You have reached level 3!
Your experience leads to an increase in your attributes!
Increase (S)trength, (I)ntelligence, or (D)exterity?
You feel agile. x3
Okay, then.
Fire: a) +0 shortbow
Press: ? - help, Q - select action Shift-Dir - straight line, f - hobgoblin
Aim: a hobgoblin (strong, 65% to hit)
You shoot an arrow. The arrow closely misses the hobgoblin.
The arrow barely misses the hobgoblin.
The arrow hits the goblin.
The goblin is heavily wounded.
The hobgoblin hits you.
* * * LOW HITPOINT WARNING * * *
Fire: a) +0 shortbow
Press: ? - help, Q - select action Shift-Dir - straight line, f/p - hobgoblin
Aim: a hobgoblin (strong, 65% to hit)
You shoot an arrow. The arrow hits the hobgoblin!
You kill the hobgoblin!
Fire: a) +0 shortbow
Press: ? - help, Q - select action Shift-Dir - straight line, f - hobgoblin
Aim: a hobgoblin (65% to hit)
You shoot an arrow. The arrow closely misses the hobgoblin.
The arrow hits the goblin.
You kill the goblin!
The hobgoblin misses you.
An adder comes into view.
Fire: a) +0 shortbow
Press: ? - help, Q - select action Shift-Dir - straight line, f/p - hobgoblin
Aim: a hobgoblin (65% to hit)
You shoot an arrow. The adder hisses angrily.
The arrow hits the hobgoblin but does no damage.
You hear a shout!
The hobgoblin hits you.
* * * LOW HITPOINT WARNING * * *
A hobgoblin comes into view. x2
The hobgoblin closely misses you.
The hobgoblin shouts!
Fire: a) +0 shortbow
Press: ? - help, Q - select action Shift-Dir - straight line, f - hobgoblin, p - hobgoblin
Aim: a hobgoblin (65% to hit)
You shoot an arrow.
The arrow hits the hobgoblin but does no damage.
The hobgoblin closely misses you. x2
Fire: a) +0 shortbow
Press: ? - help, Q - select action Shift-Dir - straight line, f/p - hobgoblin
Aim: a hobgoblin (65% to hit)
You shoot an arrow. The arrow hits the hobgoblin.
The hobgoblin is heavily wounded.
The goblin no longer looks unusually strong.
The hobgoblin hits you.
* * * LOW HITPOINT WARNING * * *
The hobgoblin hits you.
* * * LOW HITPOINT WARNING * * *
Fire: a) +0 shortbow
Press: ? - help, Q - select action Shift-Dir - straight line, f/p - hobgoblin
Aim: a hobgoblin (heavily wounded, 65% to hit)
You shoot an arrow. The arrow barely misses the hobgoblin.
The hobgoblin hits you.
* * * LOW HITPOINT WARNING * * *
The hobgoblin hits you.
You die... ,, , ,, , , * , * * * * , * * , *, * #### ########### ...# #.g@ggwSg..

#.###.########.
#............. ,
,
*,#.....########
, #.....# * ,
#.....# , *
#.....# , ,
#<....# , ,
#######* ,


You could see a worm, an adder, 3 hobgoblins and a goblin.

Vanquished Creatures
  Robin (D:2)
  A giant cockroach (D:1)
  5 goblins
  4 hobgoblins
  A kobold (D:1)
12 creatures vanquished.

Notes
Turn   | Place    | Note
-------+----------+-------------------------------------------
     0 | D:1      | jagoly the Meteoran Hunter began the quest for the Orb.
     0 | D:1      | Reached XP level 1. HP: 17/17 MP: 2/2
    67 | D:1      | Reached XP level 2. HP: 20/24 MP: 3/3
   112 | D:2      | Noticed Robin
   129 | D:2      | Reached skill level 1 in Stealth
   129 | D:2      | Killed Robin
   130 | D:2      | Reached XP level 3. HP: 11/30 MP: 4/4
   135 | D:2      | HP: 1/30 [hobgoblin[Robin] (3)]
   136 | D:2      | Slain by a hobgoblin

Illustrated notes

Levels and vault maps discovered:
D:1:      eino_arrival_cavern_d, layout_rooms, hex_medium
D:2:      layout_basic, uniq_natasha, uniq_robin, uniq_jessica

Skill      XL: |  1  2 |
---------------+-------+-----
Stealth        | 1 |  1.0
Fighting       | |  2.6
Ranged Weapons | |  4.8
Dodging        | |  2.9

Action                     || total
---------------------------++-------
   Fire: Shortbow          ||    37
    Use: Potion            ||     2
 Armour: Leather armour    ||     4
  Dodge: Dodged            ||    13
